[ PARTIDA AOE2 · #478533317 ]
Team RMTurcos vs Goths
[ ANÁLISIS DE REPETICIÓN · EXTRAÍDO DE LA PARTIDA GRABADA ]
Feudal
11:47
Castillos
15:43
Imperial
22:27
| APM promedio | 28.5 |
| APM pico | 72 |
| eAPM promedio | 18.0 |
| Aldeanos / militares | 98 / 95 |
Foco
⚔️ 37.7% · 🌾 62.3%
Hand Cannoneer ×69 · Archer ×17 · Bombard Cannon ×8 · Trade Cart ×3 · Cavalry Archer ×1
Feudal
12:08
Castillos
21:35
Imperial
34:30
| APM promedio | 17.5 |
| APM pico | 36 |
| eAPM promedio | 13.0 |
| Aldeanos / militares | 99 / 18 |
Foco
⚔️ 19.8% · 🌾 80.2%
Knight ×6 · Trebuchet (Packed) ×5 · Serjeant ×4 · Spearman ×3
Feudal
14:12
Castillos
18:32
Imperial
34:07
| APM promedio | 24.3 |
| APM pico | 67 |
| eAPM promedio | 12.6 |
| Aldeanos / militares | 107 / 48 |
Foco
⚔️ 19.7% · 🌾 80.3%
Woad Raider ×43 · Mangonel ×5
Feudal
12:19
Castillos
21:29
Imperial
35:36
| APM promedio | 21.1 |
| APM pico | 84 |
| eAPM promedio | 11.3 |
| Aldeanos / militares | 87 / 118 |
Foco
⚔️ 41.9% · 🌾 58.1%
Spearman ×81 · Huskarl ×33 · Trade Cart ×5 · Monk ×3 · Trebuchet (Packed) ×1
Feudal
10:28
Castillos
14:35
Imperial
36:28
| APM promedio | 44.2 |
| APM pico | 100 |
| eAPM promedio | 18.9 |
| Aldeanos / militares | 139 / 70 |
Foco
⚔️ 13.5% · 🌾 86.5%
Knight ×68 · Monk ×2
Feudal
12:00
Castillos
19:47
Imperial
31:23
| APM promedio | 30.6 |
| APM pico | 65 |
| eAPM promedio | 14.5 |
| Aldeanos / militares | 121 / 73 |
Foco
⚔️ 29.0% · 🌾 71.0%
Mangudai ×56 · Spearman ×12 · Trade Cart ×8 · Monk ×5
Mapa de la partida
Recursos iniciales + cada clic de construcción. Líneas = muros · curvas = relieve. ◆ oro · ⬟ piedra · ● bayas · ✦ reliquia · ◌ hueco del cierre
Tu base· ✓ Cerrada en 15:43 · 1t muro · sin puerta
Base de david.down· ✓ Cerrada en 21:35 · 27t muro · 2 puerta(s)
Base de Zetoxa· ✓ Cerrada en 18:32 · 19t muro · sin puerta
Base de Baruchiev· ✓ Cerrada en 21:29 · 12t muro · sin puerta
Base de Parker· ✓ Cerrada en 14:35 · 28t muro · sin puerta
Base de 19MCMLXXXIV84· ✓ Cerrada en 19:47 · 0t muro · sin puerta
Terreno inicial suavizado · ◌ = hueco del cierre detectado · pasá el cursor para detalles
Inputs por minuto
— Huey123 - - david.down
Build order — Huey123
Primeras 150 de 299 acciones detectadas
| 0:01 | Crear | Villager (Male) |
| 0:01 | Crear | Villager (Male) |
| 0:01 | Crear | Villager (Male) |
| 0:01 | Crear | Villager (Male) |
| 0:02 | Construir | House |
| 0:04 | Construir | House |
| 1:27 | Crear | Villager (Male) |
| 2:05 | Crear | Villager (Male) |
| 2:24 | Crear | Villager (Male) |
| 2:49 | Crear | Villager (Male) |
| 3:02 | Construir | House |
| 3:28 | Crear | Villager (Male) |
| 3:39 | Construir | Lumber Camp |
| 3:46 | Crear | Villager (Male) |
| 4:19 | Crear | Villager (Male) |
| 4:22 | Construir | Mill |
| 4:37 | Crear | Villager (Male) |
| 4:57 | Investigar | Loom |
| 5:09 | Crear | Villager (Male) |
| 5:22 | Crear | Villager (Male) |
| 5:23 | Crear | Villager (Male) |
| 5:32 | Construir | House |
| 6:36 | Crear | Villager (Male) |
| 6:43 | Crear | Villager (Male) |
| 7:04 | Crear | Villager (Male) |
| 7:38 | Crear | Villager (Male) |
| 8:13 | Crear | Villager (Male) |
| 8:19 | Construir | House |
| 8:47 | Crear | Villager (Male) |
| 8:49 | Crear | Villager (Male) |
| 9:16 | Construir | Mining Camp |
| 9:31 | Investigar | Feudal Age |
| 10:05 | Crear | Villager (Male) |
| 10:06 | Crear | Villager (Male) |
| 11:06 | Construir | House |
| 11:09 | Construir | House |
| 11:10 | Construir | Palisade Wall |
| 11:47 | Edad | Edad Feudal |
| 11:59 | Construir | Market |
| 12:08 | Investigar | Loom |
| 12:17 | Construir | Blacksmith |
| 12:41 | Construir | Farm |
| 13:03 | Investigar | Castle Age |
| 13:09 | Construir | Farm |
| 13:11 | Construir | Farm |
| 13:13 | Construir | Farm |
| 13:14 | Construir | Farm |
| 13:17 | Construir | Farm |
| 13:21 | Construir | Farm |
| 13:26 | Construir | Barracks |
| 13:36 | Investigar | Double-Bit Axe |
| 13:42 | Construir | Farm |
| 13:45 | Construir | Farm |
| 14:16 | Construir | Farm |
| 14:45 | Crear | Villager (Male) |
| 15:12 | Investigar | Gold Mining |
| 15:35 | Construir | Farm |
| 15:38 | Crear | Villager (Male) |
| 15:43 | Edad | Edad de los Castillos |
| 15:48 | Construir | Monastery |
| 16:21 | Crear | Villager (Male) |
| 16:33 | Crear | Villager (Male) |
| 16:42 | Construir | Siege Workshop |
| 16:57 | Construir | Siege Workshop |
| 17:02 | Crear | Villager (Male) |
| 17:08 | Construir | Farm |
| 17:14 | Construir | Farm |
| 17:20 | Crear | Villager (Male) |
| 17:39 | Construir | House |
| 17:50 | Crear | Villager (Male) |
| 17:53 | Crear | Villager (Male) |
| 18:49 | Construir | University |
| 18:57 | Construir | Farm |
| 19:01 | Crear | Villager (Male) |
| 19:17 | Investigar | Imperial Age |
| 19:41 | Construir | Archery Range |
| 20:02 | Construir | Farm |
| 21:57 | Investigar | Bow Saw |
| 22:01 | Crear | Villager (Male) |
| 22:01 | Crear | Villager (Male) |
| 22:01 | Crear | Villager (Male) |
| 22:14 | Construir | Mining Camp |
| 22:20 | Investigar | Gold Shaft Mining |
| 22:27 | Edad | Edad Imperial |
| 22:34 | Crear | Bombard Cannon |
| 22:37 | Crear | Hand Cannoneer |
| 22:37 | Crear | Hand Cannoneer |
| 22:38 | Crear | Hand Cannoneer |
| 22:38 | Crear | Hand Cannoneer |
| 22:38 | Crear | Hand Cannoneer |
| 22:43 | Construir | Farm |
| 22:50 | Crear | Villager (Male) |
| 23:32 | Crear | Villager (Male) |
| 23:32 | Crear | Villager (Male) |
| 23:33 | Crear | Villager (Male) |
| 23:38 | Construir | Farm |
| 23:56 | Crear | Bombard Cannon |
| 23:56 | Crear | Bombard Cannon |
| 24:02 | Crear | Hand Cannoneer |
| 24:02 | Crear | Hand Cannoneer |
| 24:09 | Construir | House |
| 24:09 | Construir | House |
| 24:20 | Investigar | Wheelbarrow |
| 24:21 | Crear | Villager (Male) |
| 24:21 | Crear | Villager (Male) |
| 24:22 | Crear | Villager (Male) |
| 24:43 | Crear | Hand Cannoneer |
| 24:43 | Crear | Hand Cannoneer |
| 25:07 | Construir | House |
| 25:08 | Construir | House |
| 25:08 | Construir | House |
| 25:13 | Crear | Villager (Male) |
| 25:46 | Crear | Hand Cannoneer |
| 25:46 | Crear | Hand Cannoneer |
| 25:46 | Crear | Hand Cannoneer |
| 25:57 | Construir | Town Center |
| 25:59 | Crear | Villager (Male) |
| 26:03 | Crear | Villager (Male) |
| 26:29 | Crear | Villager (Male) |
| 26:31 | Crear | Villager (Male) |
| 27:27 | Crear | Bombard Cannon |
| 27:31 | Crear | Hand Cannoneer |
| 27:31 | Crear | Hand Cannoneer |
| 27:42 | Crear | Villager (Male) |
| 27:43 | Crear | Villager (Male) |
| 27:43 | Crear | Villager (Male) |
| 27:43 | Crear | Villager (Male) |
| 27:43 | Crear | Villager (Male) |
| 27:46 | Crear | Villager (Male) |
| 27:52 | Investigar | Gold Shaft Mining |
| 27:55 | Crear | Villager (Male) |
| 28:11 | Construir | Lumber Camp |
| 28:14 | Investigar | Two-Man Saw |
| 28:16 | Crear | Villager (Male) |
| 28:17 | Crear | Villager (Male) |
| 29:50 | Crear | Villager (Male) |
| 29:50 | Crear | Villager (Male) |
| 29:50 | Crear | Villager (Male) |
| 29:50 | Crear | Villager (Male) |
| 29:59 | Construir | Town Center |
| 30:30 | Investigar | Hand Cart |
| 30:33 | Construir | House |
| 30:34 | Construir | House |
| 30:45 | Construir | House |
| 30:46 | Construir | House |
| 30:57 | Crear | Villager (Male) |
| 30:58 | Crear | Villager (Male) |
| 31:01 | Construir | House |
| 31:02 | Construir | House |
| 31:03 | Construir | House |
Build order — david.down
Primeras 150 de 237 acciones detectadas
| 0:02 | Crear | Villager (Male) |
| 0:06 | Construir | House |
| 0:10 | Construir | House |
| 0:18 | Crear | Villager (Male) |
| 0:18 | Crear | Villager (Male) |
| 0:38 | Investigar | Loom |
| 0:41 | Crear | Villager (Male) |
| 0:41 | Crear | Villager (Male) |
| 0:41 | Crear | Villager (Male) |
| 1:32 | Crear | Villager (Male) |
| 2:14 | Crear | Villager (Male) |
| 2:14 | Crear | Villager (Male) |
| 2:42 | Crear | Villager (Male) |
| 3:20 | Construir | Palisade Wall |
| 3:23 | Construir | Palisade Gate |
| 3:33 | Crear | Villager (Male) |
| 3:33 | Crear | Villager (Male) |
| 4:03 | Crear | Villager (Male) |
| 4:46 | Construir | Lumber Camp |
| 4:50 | Crear | Villager (Male) |
| 4:50 | Crear | Villager (Male) |
| 4:50 | Crear | Villager (Male) |
| 5:35 | Construir | Palisade Gate |
| 5:39 | Construir | House |
| 5:41 | Crear | Villager (Male) |
| 5:41 | Crear | Villager (Male) |
| 6:08 | Crear | Villager (Male) |
| 6:45 | Crear | Villager (Male) |
| 6:59 | Crear | Villager (Male) |
| 7:52 | Construir | Mill |
| 8:05 | Construir | Mining Camp |
| 8:28 | Crear | Villager (Male) |
| 8:45 | Construir | House |
| 9:14 | Crear | Villager (Male) |
| 9:29 | Construir | Mining Camp |
| 9:58 | Investigar | Feudal Age |
| 10:16 | Construir | Donjon |
| 10:18 | Crear | Villager (Male) |
| 10:33 | Crear | Villager (Male) |
| 10:59 | Construir | House |
| 11:43 | Construir | House |
| 11:49 | Crear | Villager (Male) |
| 12:08 | Edad | Edad Feudal |
| 12:12 | Investigar | Double-Bit Axe |
| 12:14 | Crear | Serjeant |
| 12:14 | Crear | Serjeant |
| 12:27 | Crear | Serjeant |
| 12:41 | Crear | Villager (Male) |
| 13:00 | Crear | Serjeant |
| 13:44 | Crear | Villager (Male) |
| 13:47 | Crear | Villager (Male) |
| 14:02 | Construir | Blacksmith |
| 14:05 | Crear | Villager (Male) |
| 14:34 | Crear | Villager (Male) |
| 15:13 | Crear | Villager (Male) |
| 15:20 | Construir | Market |
| 15:32 | Construir | House |
| 15:36 | Construir | Farm |
| 15:36 | Construir | Farm |
| 15:36 | Construir | Farm |
| 15:37 | Construir | Farm |
| 15:56 | Construir | Farm |
| 15:56 | Construir | Farm |
| 15:56 | Construir | Farm |
| 15:58 | Crear | Villager (Male) |
| 16:06 | Construir | House |
| 16:06 | Construir | House |
| 16:23 | Construir | Farm |
| 16:24 | Construir | Farm |
| 16:24 | Construir | Farm |
| 16:45 | Construir | Farm |
| 16:45 | Construir | Farm |
| 16:45 | Construir | Farm |
| 16:53 | Crear | Villager (Male) |
| 16:53 | Crear | Villager (Male) |
| 17:25 | Construir | Farm |
| 17:25 | Construir | Farm |
| 17:25 | Construir | Farm |
| 17:25 | Construir | Farm |
| 17:26 | Construir | Farm |
| 17:26 | Construir | Farm |
| 17:26 | Construir | Farm |
| 17:38 | Crear | Villager (Male) |
| 18:08 | Construir | Lumber Camp |
| 18:14 | Crear | Villager (Male) |
| 18:40 | Crear | Villager (Male) |
| 18:55 | Investigar | Castle Age |
| 19:22 | Crear | Spearman |
| 19:39 | Construir | Gate |
| 19:47 | Construir | Stone Wall |
| 20:11 | Crear | Villager (Male) |
| 20:20 | Construir | Stone Wall |
| 20:54 | Construir | Stone Wall |
| 20:58 | Construir | Stone Wall |
| 21:08 | Crear | Villager (Male) |
| 21:11 | Construir | Farm |
| 21:11 | Construir | Farm |
| 21:12 | Construir | Farm |
| 21:23 | Investigar | Gold Mining |
| 21:26 | Investigar | Scale Mail Armor |
| 21:35 | Edad | Edad de los Castillos |
| 21:44 | Crear | Spearman |
| 21:44 | Crear | Spearman |
| 22:19 | Crear | Villager (Male) |
| 22:45 | Crear | Villager (Male) |
| 22:48 | Construir | Farm |
| 22:48 | Construir | Farm |
| 22:51 | Crear | Villager (Male) |
| 23:11 | Construir | House |
| 23:18 | Construir | Gate |
| 23:21 | Crear | Villager (Male) |
| 23:36 | Construir | Town Center |
| 23:39 | Crear | Villager (Male) |
| 24:11 | Crear | Villager (Male) |
| 24:22 | Construir | Castle |
| 24:28 | Crear | Villager (Male) |
| 24:56 | Crear | Villager (Male) |
| 24:56 | Crear | Villager (Male) |
| 24:59 | Crear | Villager (Male) |
| 25:15 | Construir | Stone Wall |
| 25:19 | Construir | Stone Wall |
| 25:23 | Crear | Villager (Male) |
| 25:24 | Crear | Villager (Male) |
| 25:26 | Construir | Farm |
| 25:32 | Crear | Villager (Male) |
| 25:41 | Construir | Stone Wall |
| 25:44 | Construir | Gate |
| 25:49 | Crear | Villager (Male) |
| 25:53 | Crear | Villager (Male) |
| 25:53 | Crear | Villager (Male) |
| 25:56 | Construir | Farm |
| 25:56 | Construir | Farm |
| 25:56 | Construir | Farm |
| 25:57 | Construir | Farm |
| 25:57 | Construir | Farm |
| 25:58 | Crear | Villager (Male) |
| 26:31 | Crear | Villager (Male) |
| 26:34 | Crear | Villager (Male) |
| 26:37 | Investigar | Wheelbarrow |
| 27:06 | Crear | Villager (Male) |
| 27:25 | Construir | Farm |
| 27:25 | Construir | Farm |
| 27:31 | Construir | Farm |
| 27:33 | Construir | Farm |
| 27:35 | Crear | Villager (Male) |
| 27:35 | Crear | Villager (Male) |
| 27:38 | Crear | Villager (Male) |
| 27:51 | Construir | Lumber Camp |
| 27:53 | Crear | Villager (Male) |
| 28:03 | Crear | Villager (Male) |
Build order — Zetoxa
Primeras 150 de 251 acciones detectadas
| 0:01 | Crear | Villager (Male) ×4 |
| 0:02 | Construir | House |
| 0:04 | Construir | House |
| 1:47 | Construir | House |
| 1:51 | Crear | Villager (Male) |
| 2:07 | Crear | Villager (Male) |
| 2:12 | Construir | Palisade Wall |
| 2:17 | Construir | Palisade Wall |
| 2:21 | Construir | Palisade Gate |
| 2:31 | Crear | Villager (Male) |
| 3:19 | Construir | Lumber Camp |
| 3:24 | Crear | Villager (Male) |
| 3:25 | Crear | Villager (Male) |
| 4:19 | Construir | House |
| 4:49 | Crear | Villager (Male) |
| 5:14 | Crear | Villager (Male) |
| 5:14 | Crear | Villager (Male) |
| 5:18 | Construir | Mill |
| 5:54 | Crear | Villager (Male) |
| 5:55 | Crear | Villager (Male) |
| 6:40 | Crear | Villager (Male) |
| 6:40 | Crear | Villager (Male) |
| 7:08 | Crear | Villager (Male) |
| 7:42 | Crear | Villager (Male) |
| 7:56 | Construir | House |
| 8:05 | Crear | Villager (Male) |
| 8:41 | Crear | Villager (Male) |
| 9:04 | Construir | House |
| 9:08 | Crear | Villager (Male) |
| 9:15 | Construir | Mining Camp |
| 9:21 | Construir | House |
| 9:24 | Construir | Barracks |
| 9:28 | Crear | Villager (Male) |
| 10:02 | Crear | Villager (Male) |
| 10:09 | Crear | Villager (Male) |
| 10:45 | Crear | Villager (Male) |
| 10:58 | Construir | House |
| 12:02 | Investigar | Feudal Age |
| 12:19 | Crear | Villager (Male) |
| 12:45 | Crear | Villager (Male) |
| 13:23 | Construir | Farm |
| 13:23 | Construir | Farm |
| 13:24 | Construir | Farm |
| 13:24 | Construir | Farm |
| 13:24 | Construir | Farm |
| 13:25 | Construir | Farm |
| 13:25 | Construir | Farm |
| 14:02 | Construir | House |
| 14:12 | Edad | Edad Feudal |
| 14:15 | Construir | Blacksmith |
| 14:22 | Construir | Market |
| 14:25 | Construir | Market |
| 14:30 | Crear | Villager (Male) |
| 14:33 | Investigar | Horse Collar |
| 14:35 | Construir | Farm |
| 14:35 | Construir | Farm |
| 14:36 | Construir | Farm |
| 14:36 | Construir | Farm |
| 14:36 | Construir | Farm |
| 14:56 | Construir | Farm |
| 15:13 | Investigar | Loom |
| 15:35 | Construir | Farm |
| 15:37 | Investigar | Castle Age |
| 17:01 | Investigar | Wheelbarrow |
| 17:08 | Construir | House |
| 17:09 | Construir | House |
| 17:30 | Crear | Villager (Male) |
| 17:44 | Construir | Mining Camp |
| 18:03 | Crear | Villager (Male) |
| 18:19 | Crear | Villager (Male) |
| 18:24 | Construir | House |
| 18:32 | Edad | Edad de los Castillos |
| 18:40 | Construir | Town Center |
| 18:46 | Construir | Town Center |
| 18:47 | Crear | Villager (Male) |
| 18:49 | Crear | Villager (Male) |
| 18:54 | Construir | House |
| 19:14 | Crear | Villager (Male) |
| 19:25 | Crear | Villager (Male) |
| 19:26 | Investigar | Town Watch |
| 19:30 | Investigar | Stone Mining |
| 20:11 | Crear | Villager (Male) |
| 20:11 | Crear | Villager (Male) |
| 20:11 | Crear | Villager (Male) |
| 20:32 | Construir | Farm |
| 20:35 | Crear | Villager (Male) |
| 20:35 | Crear | Villager (Male) |
| 20:38 | Crear | Villager (Male) |
| 20:39 | Crear | Villager (Male) |
| 20:43 | Construir | Mining Camp |
| 20:45 | Crear | Villager (Male) |
| 20:45 | Crear | Villager (Male) |
| 20:45 | Crear | Villager (Male) |
| 20:56 | Crear | Villager (Male) |
| 20:56 | Crear | Villager (Male) |
| 21:20 | Investigar | Double-Bit Axe |
| 21:28 | Construir | Farm |
| 21:30 | Crear | Villager (Male) |
| 21:49 | Crear | Villager (Male) |
| 21:50 | Crear | Villager (Male) |
| 22:22 | Crear | Villager (Male) |
| 22:25 | Crear | Villager (Male) |
| 22:25 | Crear | Villager (Male) |
| 22:27 | Construir | Farm |
| 22:28 | Construir | Farm |
| 22:28 | Construir | Farm |
| 22:31 | Crear | Villager (Male) |
| 22:41 | Crear | Villager (Male) |
| 22:41 | Crear | Villager (Male) |
| 23:21 | Construir | Castle |
| 23:26 | Construir | Stone Wall |
| 23:38 | Construir | Mining Camp |
| 23:39 | Crear | Villager (Male) ×5 |
| 23:43 | Crear | Villager (Male) |
| 23:44 | Crear | Villager (Male) |
| 23:57 | Crear | Villager (Male) |
| 24:00 | Crear | Villager (Male) |
| 24:22 | Crear | Woad Raider |
| 24:39 | Crear | Villager (Male) |
| 24:39 | Crear | Villager (Male) |
| 24:40 | Crear | Villager (Male) |
| 25:01 | Crear | Villager (Male) |
| 25:01 | Crear | Villager (Male) |
| 25:04 | Crear | Villager (Male) |
| 25:11 | Crear | Villager (Male) |
| 25:23 | Construir | Mill |
| 25:24 | Construir | Farm |
| 25:25 | Construir | Farm |
| 25:25 | Construir | Farm |
| 25:25 | Construir | Farm |
| 25:25 | Construir | Farm |
| 25:26 | Construir | Farm |
| 25:45 | Crear | Woad Raider |
| 26:26 | Construir | Castle |
| 26:50 | Investigar | Hand Cart |
| 26:52 | Crear | Villager (Male) |
| 26:52 | Crear | Villager (Male) |
| 26:53 | Crear | Villager (Male) |
| 26:53 | Crear | Villager (Male) |
| 26:54 | Crear | Villager (Male) |
| 27:05 | Construir | Farm |
| 27:05 | Construir | Farm |
| 27:10 | Crear | Villager (Male) |
| 27:32 | Construir | Lumber Camp |
| 27:47 | Investigar | Fletching |
| 28:02 | Investigar | Stronghold |
| 28:03 | Investigar | Stronghold |
| 28:05 | Crear | Villager (Male) |
| 28:09 | Construir | Farm |
| 28:12 | Construir | Farm |
Build order — Baruchiev
Primeras 150 de 330 acciones detectadas
| 0:02 | Crear | Villager (Male) |
| 0:02 | Crear | Villager (Male) |
| 0:02 | Crear | Villager (Male) |
| 0:03 | Crear | Villager (Male) |
| 0:08 | Construir | House |
| 0:10 | Construir | House |
| 0:48 | Investigar | Loom |
| 0:48 | Crear | Villager (Male) |
| 0:49 | Crear | Villager (Male) |
| 2:12 | Crear | Villager (Male) |
| 2:42 | Construir | Palisade Wall |
| 3:02 | Crear | Villager (Male) |
| 4:04 | Construir | Lumber Camp |
| 4:22 | Crear | Villager (Male) |
| 4:22 | Crear | Villager (Male) |
| 5:36 | Crear | Villager (Male) |
| 5:36 | Crear | Villager (Male) |
| 5:43 | Construir | House |
| 5:48 | Crear | Villager (Male) |
| 7:07 | Crear | Villager (Male) |
| 7:07 | Crear | Villager (Male) |
| 7:08 | Crear | Villager (Male) |
| 7:56 | Crear | Villager (Male) |
| 7:56 | Crear | Villager (Male) |
| 8:04 | Construir | Mill |
| 8:58 | Crear | Villager (Male) |
| 9:40 | Crear | Villager (Male) |
| 10:09 | Investigar | Feudal Age |
| 10:42 | Construir | Barracks |
| 10:54 | Construir | Barracks |
| 11:15 | Construir | Mining Camp |
| 12:07 | Construir | Lumber Camp |
| 12:10 | Crear | Villager (Male) |
| 12:10 | Crear | Villager (Male) |
| 12:19 | Edad | Edad Feudal |
| 12:22 | Construir | House |
| 12:26 | Investigar | Town Watch |
| 12:37 | Crear | Villager (Male) |
| 12:37 | Crear | Villager (Male) |
| 13:09 | Investigar | Double-Bit Axe |
| 13:41 | Crear | Villager (Male) |
| 14:04 | Crear | Villager (Male) |
| 14:16 | Construir | Market |
| 14:24 | Construir | House |
| 14:26 | Construir | House |
| 14:30 | Crear | Villager (Male) |
| 14:59 | Crear | Villager (Male) |
| 15:10 | Investigar | Horse Collar |
| 15:13 | Construir | Farm |
| 15:13 | Construir | Farm |
| 15:19 | Crear | Villager (Male) |
| 15:22 | Construir | House |
| 15:31 | Construir | Blacksmith |
| 15:46 | Crear | Villager (Male) |
| 16:04 | Construir | Farm |
| 16:04 | Construir | Farm |
| 16:04 | Construir | Farm |
| 16:05 | Construir | Farm |
| 16:18 | Crear | Villager (Male) |
| 16:38 | Construir | Farm |
| 16:41 | Crear | Villager (Male) |
| 16:51 | Construir | Farm |
| 17:18 | Crear | Villager (Male) |
| 17:21 | Construir | Farm |
| 17:27 | Crear | Villager (Male) |
| 17:31 | Construir | Farm |
| 17:37 | Construir | Farm |
| 17:49 | Construir | Farm |
| 17:59 | Crear | Villager (Male) |
| 18:25 | Construir | Farm |
| 18:41 | Construir | Farm |
| 18:49 | Investigar | Castle Age |
| 18:57 | Crear | Spearman |
| 18:57 | Crear | Spearman |
| 19:27 | Crear | Spearman |
| 19:36 | Investigar | Forging |
| 19:40 | Crear | Spearman |
| 20:06 | Crear | Spearman |
| 20:18 | Construir | House |
| 20:21 | Construir | House |
| 20:22 | Construir | House |
| 20:24 | Construir | House |
| 20:46 | Crear | Spearman |
| 20:46 | Crear | Spearman |
| 20:48 | Investigar | Scale Mail Armor |
| 21:05 | Crear | Spearman |
| 21:17 | Crear | Trade Cart |
| 21:17 | Crear | Trade Cart |
| 21:29 | Edad | Edad de los Castillos |
| 21:32 | Construir | Monastery |
| 21:34 | Construir | Monastery |
| 21:38 | Crear | Villager (Male) |
| 21:38 | Crear | Villager (Male) |
| 21:39 | Crear | Villager (Male) |
| 21:56 | Investigar | Pikeman (upgrade) |
| 22:12 | Crear | Monk |
| 22:24 | Crear | Monk |
| 22:31 | Construir | Town Center |
| 22:37 | Construir | Mining Camp |
| 22:39 | Crear | Villager (Male) |
| 22:58 | Crear | Spearman |
| 23:11 | Crear | Villager (Male) |
| 23:28 | Crear | Spearman |
| 23:28 | Crear | Spearman |
| 23:36 | Investigar | Bow Saw |
| 23:37 | Crear | Villager (Male) |
| 23:52 | Crear | Trade Cart |
| 23:58 | Crear | Villager (Male) |
| 23:58 | Crear | Villager (Male) |
| 23:58 | Crear | Villager (Male) |
| 23:59 | Crear | Villager (Male) |
| 24:01 | Crear | Villager (Male) |
| 24:01 | Crear | Villager (Male) |
| 24:05 | Crear | Monk |
| 24:48 | Crear | Villager (Male) |
| 24:52 | Construir | Farm |
| 24:52 | Construir | Farm |
| 24:57 | Investigar | Heavy Plow |
| 24:58 | Crear | Villager (Male) |
| 25:05 | Construir | Farm |
| 25:06 | Construir | Farm |
| 25:39 | Investigar | Squires |
| 26:01 | Crear | Villager (Male) |
| 26:01 | Crear | Villager (Male) |
| 26:02 | Crear | Villager (Male) |
| 26:16 | Construir | Town Center |
| 26:20 | Crear | Villager (Male) |
| 26:54 | Crear | Villager (Male) |
| 26:59 | Construir | House |
| 27:00 | Construir | House |
| 27:01 | Construir | House |
| 27:02 | Construir | House |
| 27:18 | Investigar | Wheelbarrow |
| 27:23 | Crear | Villager (Male) |
| 27:25 | Crear | Villager (Male) |
| 28:04 | Construir | Mining Camp |
| 28:05 | Crear | Villager (Male) |
| 28:05 | Crear | Villager (Male) |
| 28:11 | Construir | Farm |
| 28:11 | Construir | Farm |
| 28:12 | Construir | Farm |
| 28:12 | Construir | Farm |
| 28:12 | Construir | Farm |
| 28:40 | Crear | Villager (Male) |
| 28:43 | Crear | Villager (Male) |
| 29:04 | Crear | Trade Cart |
| 29:04 | Crear | Trade Cart |
| 29:09 | Construir | House |
| 29:10 | Construir | House |
| 29:12 | Construir | House |
Build order — Parker
Primeras 150 de 291 acciones detectadas
| 0:02 | Crear | Villager (Male) ×5 |
| 0:04 | Construir | House |
| 0:05 | Construir | House |
| 1:39 | Crear | Villager (Male) |
| 1:42 | Construir | Lumber Camp |
| 2:17 | Crear | Villager (Male) |
| 2:17 | Crear | Villager (Male) |
| 2:55 | Crear | Villager (Male) |
| 3:02 | Construir | House |
| 3:27 | Construir | Mill |
| 3:39 | Crear | Villager (Male) |
| 3:40 | Crear | Villager (Male) |
| 4:19 | Crear | Villager (Male) |
| 4:49 | Crear | Villager (Male) |
| 5:07 | Crear | Villager (Male) |
| 5:07 | Crear | Villager (Male) |
| 5:22 | Construir | House |
| 5:38 | Crear | Villager (Male) |
| 6:37 | Crear | Villager (Male) |
| 6:38 | Crear | Villager (Male) |
| 7:12 | Crear | Villager (Male) |
| 7:32 | Crear | Villager (Male) |
| 7:51 | Construir | Mining Camp |
| 8:05 | Construir | Farm |
| 8:08 | Construir | Farm |
| 8:24 | Investigar | Feudal Age |
| 8:40 | Crear | Villager (Male) |
| 9:48 | Crear | Villager (Male) |
| 10:28 | Edad | Edad Feudal |
| 10:32 | Construir | Market |
| 10:35 | Construir | Blacksmith |
| 10:52 | Construir | Stone Wall |
| 11:01 | Construir | Stone Wall |
| 11:08 | Construir | Stone Wall |
| 11:13 | Construir | House |
| 12:10 | Investigar | Castle Age |
| 12:41 | Construir | Farm |
| 12:43 | Construir | Farm |
| 12:44 | Construir | Farm |
| 12:45 | Construir | Farm |
| 13:03 | Construir | Farm |
| 13:50 | Crear | Villager (Male) |
| 13:57 | Crear | Villager (Male) |
| 14:01 | Construir | Barracks |
| 14:35 | Edad | Edad de los Castillos |
| 14:38 | Construir | Monastery |
| 14:58 | Crear | Villager (Male) |
| 15:05 | Construir | Farm |
| 15:06 | Construir | Farm |
| 15:15 | Construir | House |
| 15:18 | Crear | Monk |
| 15:38 | Construir | House |
| 15:44 | Crear | Villager (Male) |
| 15:45 | Crear | Villager (Male) |
| 16:12 | Construir | Stable |
| 16:17 | Crear | Villager (Male) |
| 16:35 | Crear | Villager (Male) |
| 17:04 | Construir | House |
| 17:11 | Crear | Villager (Male) |
| 17:18 | Crear | Monk |
| 17:28 | Construir | Farm |
| 17:29 | Construir | Farm |
| 17:32 | Construir | Farm |
| 17:35 | Crear | Villager (Male) |
| 17:45 | Construir | Gate |
| 17:49 | Crear | Knight |
| 18:02 | Construir | Farm |
| 18:04 | Construir | Farm |
| 18:07 | Crear | Villager (Male) |
| 18:08 | Crear | Villager (Male) |
| 18:35 | Crear | Villager (Male) |
| 18:38 | Crear | Knight |
| 18:49 | Investigar | Scale Barding Armor |
| 19:03 | Crear | Villager (Male) |
| 19:28 | Construir | Farm |
| 19:28 | Construir | Farm |
| 19:31 | Crear | Knight |
| 19:33 | Crear | Villager (Male) |
| 19:36 | Construir | House |
| 19:38 | Construir | House |
| 19:39 | Construir | House |
| 19:41 | Investigar | Double-Bit Axe |
| 19:43 | Investigar | Horse Collar |
| 20:18 | Crear | Knight |
| 20:18 | Crear | Knight |
| 20:19 | Crear | Villager (Male) |
| 20:19 | Crear | Villager (Male) |
| 20:39 | Crear | Knight |
| 20:51 | Crear | Villager (Male) |
| 20:55 | Construir | Town Center |
| 21:01 | Crear | Knight |
| 21:30 | Crear | Villager (Male) |
| 21:31 | Crear | Villager (Male) |
| 22:12 | Crear | Villager (Male) |
| 22:14 | Crear | Knight |
| 22:39 | Crear | Villager (Male) ×5 |
| 22:52 | Construir | Town Center |
| 23:02 | Crear | Knight |
| 23:24 | Crear | Knight |
| 23:26 | Crear | Villager (Male) |
| 23:27 | Crear | Villager (Male) |
| 23:36 | Crear | Knight |
| 23:42 | Crear | Villager (Male) |
| 23:47 | Construir | Lumber Camp |
| 24:03 | Crear | Villager (Male) |
| 24:03 | Crear | Villager (Male) |
| 24:16 | Crear | Villager (Male) |
| 24:36 | Crear | Villager (Male) ×2 |
| 24:48 | Crear | Villager (Male) ×3 |
| 25:02 | Crear | Villager (Male) |
| 25:07 | Construir | House |
| 25:08 | Construir | House |
| 25:08 | Construir | House |
| 25:09 | Construir | House |
| 25:17 | Crear | Knight |
| 25:27 | Construir | Farm |
| 25:27 | Construir | Farm |
| 25:28 | Construir | Farm |
| 25:28 | Construir | Farm |
| 25:28 | Construir | Farm |
| 25:28 | Construir | Farm |
| 25:28 | Construir | Farm |
| 25:29 | Construir | Farm |
| 25:47 | Crear | Knight |
| 25:54 | Construir | House |
| 25:54 | Construir | House |
| 25:54 | Construir | House |
| 25:56 | Crear | Villager (Male) ×2 |
| 26:04 | Crear | Knight |
| 26:36 | Crear | Villager (Male) ×4 |
| 26:39 | Construir | Farm |
| 26:42 | Construir | Farm |
| 26:44 | Construir | Farm |
| 27:04 | Crear | Villager (Male) ×3 |
| 27:06 | Construir | Farm |
| 27:09 | Construir | Lumber Camp |
| 27:31 | Crear | Knight |
| 27:34 | Investigar | Bloodlines |
| 27:40 | Crear | Villager (Male) ×5 |
| 28:05 | Crear | Villager (Male) ×3 |
| 28:18 | Construir | Farm |
| 28:18 | Construir | Farm |
| 28:18 | Construir | Farm |
| 28:19 | Construir | Farm |
| 28:19 | Construir | Farm |
| 28:19 | Construir | Farm |
| 28:19 | Construir | Farm |
| 28:22 | Crear | Villager (Male) ×3 |
| 28:24 | Construir | House |
| 28:24 | Construir | House |
Build order — 19MCMLXXXIV84
Primeras 150 de 331 acciones detectadas
| 0:02 | Crear | Villager (Male) |
| 0:02 | Crear | Villager (Male) |
| 0:02 | Crear | Villager (Male) |
| 0:03 | Crear | Villager (Male) |
| 0:06 | Construir | House |
| 0:08 | Construir | House |
| 1:27 | Crear | Villager (Male) |
| 1:27 | Crear | Villager (Male) |
| 2:02 | Crear | Villager (Male) |
| 2:17 | Crear | Villager (Male) |
| 2:52 | Crear | Villager (Male) |
| 3:05 | Crear | Villager (Male) |
| 3:36 | Construir | House |
| 3:42 | Crear | Villager (Male) |
| 3:43 | Crear | Villager (Male) |
| 3:56 | Construir | Lumber Camp |
| 3:59 | Crear | Villager (Male) |
| 4:31 | Crear | Villager (Male) |
| 5:14 | Crear | Villager (Male) |
| 5:15 | Crear | Villager (Male) |
| 5:17 | Construir | Mill |
| 5:36 | Construir | House |
| 5:40 | Construir | House |
| 5:41 | Crear | Villager (Male) |
| 6:01 | Crear | Villager (Male) |
| 6:01 | Crear | Villager (Male) |
| 6:49 | Crear | Villager (Male) |
| 6:49 | Crear | Villager (Male) |
| 7:09 | Crear | Villager (Male) |
| 7:36 | Crear | Villager (Male) |
| 7:43 | Crear | Villager (Male) |
| 8:38 | Construir | Mining Camp |
| 8:46 | Crear | Villager (Male) |
| 8:46 | Crear | Villager (Male) |
| 9:33 | Construir | Mining Camp |
| 9:39 | Investigar | Feudal Age |
| 10:24 | Crear | Villager (Male) |
| 10:25 | Crear | Villager (Male) |
| 12:00 | Edad | Edad Feudal |
| 12:06 | Crear | Villager (Male) |
| 12:07 | Crear | Villager (Male) |
| 12:09 | Investigar | Double-Bit Axe |
| 12:16 | Investigar | Horse Collar |
| 12:33 | Construir | Lumber Camp |
| 13:16 | Construir | House |
| 13:21 | Investigar | Loom |
| 13:22 | Crear | Villager (Male) |
| 13:22 | Crear | Villager (Male) |
| 13:29 | Construir | Farm |
| 13:30 | Construir | Farm |
| 13:30 | Construir | Farm |
| 13:31 | Construir | Farm |
| 13:33 | Construir | Farm |
| 13:35 | Construir | Farm |
| 13:43 | Construir | Market |
| 13:53 | Crear | Villager (Male) |
| 13:53 | Crear | Villager (Male) |
| 14:06 | Construir | Farm |
| 14:07 | Construir | Farm |
| 14:10 | Construir | Farm |
| 14:12 | Construir | Farm |
| 14:13 | Construir | Farm |
| 14:22 | Construir | House |
| 14:47 | Construir | Farm |
| 15:10 | Crear | Villager (Male) |
| 15:10 | Crear | Villager (Male) |
| 15:12 | Construir | Lumber Camp |
| 15:26 | Construir | Farm |
| 15:38 | Crear | Villager (Male) |
| 16:08 | Construir | Blacksmith |
| 16:23 | Crear | Villager (Male) |
| 16:29 | Construir | House |
| 16:30 | Construir | House |
| 16:32 | Construir | House |
| 16:34 | Construir | House |
| 16:36 | Construir | House |
| 16:37 | Construir | House |
| 16:54 | Investigar | Castle Age |
| 16:55 | Investigar | Castle Age |
| 17:02 | Investigar | Stone Mining |
| 17:09 | Investigar | Gold Mining |
| 17:22 | Crear | Trade Cart |
| 18:04 | Investigar | Wheelbarrow |
| 18:29 | Crear | Trade Cart |
| 19:47 | Edad | Edad de los Castillos |
| 19:56 | Construir | Town Center |
| 20:00 | Investigar | Bow Saw |
| 20:01 | Investigar | Bow Saw |
| 20:03 | Crear | Villager (Male) |
| 20:03 | Crear | Villager (Male) |
| 20:12 | Construir | Monastery |
| 20:23 | Investigar | Heavy Plow |
| 20:33 | Crear | Villager (Male) |
| 20:33 | Crear | Villager (Male) |
| 20:45 | Construir | Town Center |
| 20:52 | Crear | Monk |
| 20:54 | Crear | Monk |
| 20:54 | Crear | Monk |
| 21:31 | Construir | Castle |
| 21:36 | Crear | Villager (Male) |
| 21:39 | Crear | Villager (Male) |
| 21:40 | Crear | Villager (Male) |
| 21:40 | Crear | Villager (Male) |
| 21:43 | Crear | Villager (Male) |
| 22:25 | Crear | Villager (Male) |
| 22:27 | Crear | Villager (Male) |
| 22:27 | Crear | Villager (Male) |
| 22:33 | Crear | Trade Cart |
| 22:33 | Crear | Trade Cart |
| 23:07 | Crear | Villager (Male) |
| 23:10 | Crear | Villager (Male) |
| 23:10 | Crear | Villager (Male) |
| 23:11 | Crear | Villager (Male) |
| 23:11 | Crear | Villager (Male) |
| 23:24 | Crear | Villager (Male) |
| 23:25 | Crear | Villager (Male) |
| 23:31 | Construir | Farm |
| 23:32 | Construir | Farm |
| 23:34 | Construir | Farm |
| 23:38 | Construir | Farm |
| 23:39 | Construir | Farm |
| 23:40 | Construir | Farm |
| 23:42 | Construir | Farm |
| 23:43 | Construir | Farm |
| 23:46 | Crear | Trade Cart |
| 23:46 | Crear | Trade Cart |
| 23:48 | Crear | Villager (Male) |
| 23:48 | Crear | Villager (Male) |
| 23:48 | Crear | Villager (Male) |
| 23:49 | Crear | Villager (Male) |
| 24:12 | Crear | Villager (Male) |
| 24:25 | Crear | Mangudai |
| 24:26 | Crear | Mangudai |
| 24:26 | Crear | Mangudai |
| 24:26 | Crear | Mangudai |
| 24:27 | Crear | Mangudai |
| 24:27 | Crear | Mangudai |
| 24:27 | Crear | Mangudai |
| 24:28 | Crear | Mangudai |
| 24:44 | Construir | Mining Camp |
| 24:55 | Crear | Villager (Male) |
| 24:56 | Crear | Villager (Male) |
| 24:57 | Crear | Villager (Male) |
| 24:58 | Crear | Villager (Male) |
| 24:59 | Crear | Villager (Male) |
| 24:59 | Crear | Villager (Male) |
| 25:01 | Crear | Villager (Male) |
| 25:21 | Investigar | Padded Archer Armor |
| 25:21 | Investigar | Padded Archer Armor |
| 26:07 | Crear | Villager (Male) |
Cronología de la partida
| 2:12 | Zetoxa · wall_segment Palisade Wall x5 |
| 2:17 | Zetoxa · wall_segment Palisade Wall x14 |
| 2:42 | Baruchiev · wall_segment Palisade Wall x12 |
| 3:20 | david.down · wall_segment Palisade Wall x11 |
| 9:24 | Zetoxa · first_building Barracks |
| 10:16 | david.down · first_building Donjon |
| 10:28 | Parker · age_up feudal |
| 10:42 | Baruchiev · first_building Barracks |
| 10:52 | Parker · wall_segment Stone Wall x8 |
| 11:01 | Parker · wall_segment Stone Wall x14 |
| 11:08 | Parker · wall_segment Stone Wall x8 |
| 11:10 | Huey123 · wall_segment Palisade Wall x1 |
| 11:44 | Parker · first_market_sell 100 wood |
| 11:47 | Parker · first_market_buy 100 food |
| 11:47 | Huey123 · age_up feudal |
| 12:00 | 19MCMLXXXIV84 · age_up feudal |
| 12:08 | david.down · age_up feudal |
| 12:19 | Baruchiev · age_up feudal |
| 12:53 | Huey123 · first_market_sell 500 stone |
| 12:58 | Huey123 · first_market_buy 100 food |
| 13:26 | Huey123 · first_building Barracks |
| 14:01 | Parker · first_building Barracks |
| 14:12 | Zetoxa · age_up feudal |
| 14:35 | Parker · age_up castle |
| 14:38 | Parker · first_building Monastery |
| 15:43 | Huey123 · age_up castle |
| 15:48 | Huey123 · first_building Monastery |
| 16:12 | Parker · first_building Stable |
| 16:42 | Huey123 · first_building Siege Workshop |
| 18:20 | david.down · first_market_buy 100 food |
| 18:32 | Zetoxa · age_up castle |
| 18:47 | david.down · first_market_sell 100 wood |
| 19:41 | Huey123 · first_building Archery Range |
| 19:47 | 19MCMLXXXIV84 · age_up castle |
| 19:47 | david.down · wall_segment Stone Wall x3 |
| 20:12 | 19MCMLXXXIV84 · first_building Monastery |
| 20:20 | david.down · wall_segment Stone Wall x2 |
| 20:54 | david.down · wall_segment Stone Wall x4 |
| 20:58 | david.down · wall_segment Stone Wall x7 |
| 21:29 | Baruchiev · age_up castle |
| 21:31 | 19MCMLXXXIV84 · first_building Castle |
| 21:32 | Baruchiev · first_building Monastery |
| 21:35 | david.down · age_up castle |
| 22:27 | Huey123 · age_up imperial |
| 23:21 | Zetoxa · first_building Castle |
| 23:26 | Zetoxa · wall_segment Stone Wall x1 |
| 23:56 | Zetoxa · tribute_sent a jugador 1 |
| 23:56 | Zetoxa · tribute_sent a jugador 3 |
| 23:56 | Zetoxa · tribute_sent a jugador 4 |
| 23:56 | Zetoxa · tribute_sent a jugador 5 |
| 23:56 | Zetoxa · tribute_sent a jugador 6 |
| 23:57 | Parker · tribute_sent a jugador 1 |
| 23:57 | Parker · tribute_sent a jugador 2 |
| 23:57 | Parker · tribute_sent a jugador 3 |
| 23:57 | Parker · tribute_sent a jugador 5 |
| 23:57 | Parker · tribute_sent a jugador 6 |
| 24:22 | david.down · first_building Castle |
| 25:15 | david.down · wall_segment Stone Wall x3 |
| 25:19 | david.down · wall_segment Stone Wall x13 |
| 25:41 | david.down · wall_segment Stone Wall x1 |
| 27:53 | 19MCMLXXXIV84 · first_market_buy 100 food |
| 30:46 | david.down · wall_segment Stone Wall x5 |
| 30:53 | Zetoxa · first_building Monastery |
| 31:17 | Parker · first_building Castle |
| 31:18 | Zetoxa · first_building Siege Workshop |
| 31:23 | 19MCMLXXXIV84 · age_up imperial |
| 31:47 | 19MCMLXXXIV84 · first_building Barracks |
| 32:07 | Baruchiev · first_building Castle |
| 32:18 | david.down · first_building Stable |
| 32:28 | 19MCMLXXXIV84 · first_building Archery Range |
| 34:07 | Zetoxa · age_up imperial |
| 34:30 | david.down · age_up imperial |
| 35:36 | Baruchiev · age_up imperial |
| 36:02 | Parker · tribute_sent a jugador 1 |
| 36:02 | Parker · tribute_sent a jugador 2 |
| 36:02 | Parker · tribute_sent a jugador 3 |
| 36:02 | Parker · tribute_sent a jugador 5 |
| 36:02 | Parker · tribute_sent a jugador 6 |
| 36:28 | Parker · age_up imperial |
| 37:41 | Huey123 · first_building Castle |
| 39:56 | Huey123 · tribute_sent a jugador 1 |
| 39:56 | Huey123 · tribute_sent a jugador 2 |
| 39:56 | Huey123 · tribute_sent a jugador 3 |
| 39:56 | Huey123 · tribute_sent a jugador 4 |
| 39:56 | Huey123 · tribute_sent a jugador 5 |
| 40:23 | david.down · resign |
[ ANÁLISIS IA · 1 CRÉDITO ]
¿Qué pasó realmente en esta partida?
Wolo.gg analiza cada decisión: build order, eco, micro, errores típicos por bracket. Análisis personalizado por WhatsApp o Discord en 30 segundos.
Guía civ
Turcos
Guía mapa
Amazon Tunnel
Perfil
Huey123